 Dungeon Crawl Stone Soup version 0.21-a0-538-gd16b88a (webtiles) character file.

1892919 Charly the Sensei (level 27, 234/234 HPs)
             Began as a Demonspawn Gladiator on Dec 16, 2017.
             Was the Champion of Okawaru.
             Escaped with the Orb
             ... and 3 runes on Dec 17, 2017!
             The game lasted 03:18:58 (56612 turns).

Charly the Sensei (Demonspawn Gladiator)           Turns: 56612, Time: 03:18:59

Health: 234/234    AC: 14    Str: 24    XL:     27
Magic:  55/55      EV: 27    Int: 20    God:    Okawaru [******]
Gold:   2674       SH: 27    Dex: 19    Spells: 24/47 levels left

rFire    + . .     SeeInvis .     - Unarmed
rCold    + . .     Gourm    .   p - +7 shield of Responsibility {rC+ Regen+}
rNeg     + + .     Faith    .   z - +0 robe of the Ecumenical Temple {rElec rF+ MP+9 Int+4}
rPois    .         Spirit   +   F - +2 hat {MR+}
rElec    +         Reflect  +   L - +2 cloak "Mumpel" {Slay+4}
rCorr    .         Harm     .   (gloves unavailable)
MR       +++..                  g - +2 pair of boots
Stlth    +.........             K - amulet of Virinef {Reflect rN+ Str+5 Int-2 SH+5}
HPRegen  0.89/turn              a - +4 ring of slaying
MPRegen  0.68/turn              N - ring of Hoalizxo {MP+9 Int+4 Stlth+}

@: no status effects
A: antennae 1, claws 3, rugged brown scales 3, demonic guardian 3, deterioration
1, negative energy resistance 1, shaggy fur 1, 50% torment resistance, evolution
1, magic shield, magic regeneration, magic link, black mark
0: Orb of Zot
}: 3/15 runes: decaying, serpentine, silver
a: Heroism, Finesse, Renounce Religion


You escaped.
You worshipped Okawaru.
Okawaru was exalted by your worship.
You were not hungry.

You visited 8 branches of the dungeon, and saw 46 of its levels.
You visited 1 bazaar.
You also visited: Ossuary, Ice Cave and Desolation.

You collected 7042 gold pieces.
You spent 4368 gold pieces at shops.

Inventory:

Missiles
 d - 9 throwing nets (quivered)
Armour
 g - a +2 pair of boots (worn)
 p - the +7 shield of Responsibility (worn) {rC+ Regen+}
   (You took it off a deep elf mage on level 5 of the Vaults)

   It protects you from cold.
   It increases your rate of regeneration.
 z - the +0 robe of the Ecumenical Temple (worn) {rElec rF+ MP+9 Int+4}
   (Okawaru gifted it to you on level 1 of the Depths)

   It affects your intelligence (+4).
   It protects you from fire.
   It insulates you from electricity.
   It affects your magic capacity (+9).
 F - a +2 hat of magic resistance (worn)
 L - the +2 cloak "Mumpel" (worn) {Slay+4}
   (You bought it in a shop in a bazaar)

   It affects your accuracy and damage with ranged weapons and melee attacks
   (+4).
 Q - a +2 helmet of see invisible
Jewellery
 a - a +4 ring of slaying (left claw)
 c - an uncursed ring of protection from cold
 f - an uncursed ring of protection from fire
 i - an uncursed ring of see invisible
 m - the ring of Esoliliv {+Fly MR+ Str+4}
   (You bought it in a shop on level 2 of the Depths)

   [ring of flight]

   It affects your strength (+4).
   It affects your resistance to hostile enchantments.
   It lets you fly.
 K - the amulet of Virinef (around neck) {Reflect rN+ Str+5 Int-2 SH+5}
   (You found it in the Desolation of Salt)

   [amulet of reflection]

   It shields you and reflects attacks.
   It affects your strength (+5).
   It affects your intelligence (-2).
   It protects you from negative energy.
   It affects your SH (+5).
 N - the ring of Hoalizxo (right claw) {MP+9 Int+4 Stlth+}
   (You acquired it on level 4 of the Vaults)

   [ring of stealth]

   It affects your intelligence (+4).
   It affects your magic capacity (+9).
   It makes you more stealthy.
Wands
 t - a wand of clouds (7)
 C - a wand of digging (37)
Scrolls
 j - 7 scrolls of blinking
 k - 5 scrolls of fog
 o - 2 scrolls of magic mapping
 s - 11 scrolls of identify
 u - a scroll of enchant armour
 A - 16 scrolls of teleportation
 G - a scroll of enchant weapon
 O - 6 scrolls of fear
 P - 22 scrolls of remove curse
 Z - a scroll of summoning
Potions
 b - 4 potions of brilliance
 h - 3 potions of ambrosia
 l - 10 potions of heal wounds
 n - 9 potions of agility
 q - 13 potions of flight
 v - 6 potions of berserk rage
 x - 6 potions of might
 B - 20 potions of curing
 H - 3 potions of invisibility
 I - 7 potions of magic
 M - 4 potions of cancellation
 S - 6 potions of haste
Miscellaneous
 r - a fan of gales
Comestibles
 w - a meat ration
 U - 28 bread rations


   Skills:
 + Level 18.3 Fighting
   Level 4.4 Short Blades
   Level 7.0 Axes
   Level 9.0 Crossbows
 - Level 3.8 Throwing
 - Level 4.2 Armour
 + Level 17.1 Dodging
 - Level 15.0 Shields
 * Level 23.5 Unarmed Combat
 - Level 10.6 Spellcasting
 - Level 14.5 Transmutations
 - Level 14.5 Earth Magic
 - Level 10.1 Invocations
 - Level 3.6 Evocations


You had 24 spell levels left.
You knew the following spells:

 Your Spells              Type           Power        Failure   Level  Hunger
a - Apportation           Tloc           ##....       6%          1    None
d - Deflect Missiles      Chrm/Air       ##........   100%        6    ######.
r - Regeneration          Chrm/Necr      ##........   19%         3    None
D - Dragon Form           Tmut           ######....   14%         7    #######
S - Statue Form           Tmut/Erth      ######...    2%          6    ######.


Dungeon Overview and Level Annotations

Branches:
Dungeon (15/15)            Temple (0/1) D:5            Lair (6/6) D:11
  Swamp (4/4) Lair:3        Snake (4/4) Lair:2        Slime (0/5) Lair:6
    Orc (2/2) D:11            Elf (0/3) Orc:2        Vaults (5/5) D:13
  Crypt (0/3) Vaults:3     Depths (5/5) D:15            Zot (5/5) Depths:5

Altars:
Cheibriados
Dithmenos
Fedhas
Hepliaklqana
Kikubaaqudgha
Okawaru
Ru
Sif Muna
Trog
Uskayaw
Zin
The Shining One
Beogh
Jiyva
Lugonu

Shops:
D:10 :   D:13 %   Orc:2 :([=   Vaults:2 }[}!   Vaults:4 ((%   Depths:1 *
Depths:2 }=}

Portals:
Hell: Depths:1 Depths:2 Depths:3 Depths:4 Depths:5
Abyss: Depths:1 Depths:4
Pandemonium: Depths:1 Depths:2 Depths:3 Depths:4 Depths:5
Ziggurat: Depths:5
Trove: Vaults:3 (give +6 demon whip)


Innate Abilities, Weirdness & Mutations

You have claws for hands.
You are completely covered in rugged brown scales. (AC +3, +7% HP)
A powerful demonic guardian rushes to your aid.
You resist negative energy. (rN+)
You are somewhat able to resist unholy torments (1 in 2 success).
When hurt, damage is shared between your health and your magic reserves.
You regenerate magic rapidly.
When low on magic, you restore magic in place of health.
Your melee attacks may debilitate your foes.
You have a pair of small antennae on your head.
Your body sometimes deteriorates upon taking damage.
You are covered in fur. (AC +1)
You evolve.


Message History

(Z) Zot
Where to? (Enter - D:1 @ (x,y), ? - help)
Your transformation is almost over.
Items here: ))) [ a short sword; a dagger; a +0 leather armour; a mace You revert to your normal fleshy form.
Your +2 pair of boots unmelds from your body.
The +0 robe of the Ecumenical Temple {rElec rF+ MP+9 Int+4} unmelds from your body.
You see here a club.
Magic restored.
There is a stone staircase leading up here.
You see here a scroll of amnesia.
You climb upwards.
There is a stone staircase leading down here.
There is a stone staircase leading up here.
You climb upwards.
There is a stone staircase leading down here.
You see here a club.
There is a staircase leading out of the dungeon here.
You have escaped!

#......###################.#.####
.......# ###.......### #.#.....
#......###..#######..## #^######
#......##.####....###.## #.# #...
#......#.###..####..##.###.###.##
#.######.##.### ###.##.##......)
#.# #.##.## ##.#.##.###### #.#
#.##.## ### #.##.#.# # #.#
#.###.## #@## #.##.#.# # #.#
##.###.####.# ##.#.#.# # #.#
##..####..## #.#.#.# # #.#
###....### ##.#.#.# # #.######
###### ##.##.#.###### #......###
####.####........
#......'.########...## ##..#####
#......##........#### #..#
#......###################.######


There were no monsters in sight!

Vanquished Creatures
  3 pandemonium lords
  3 orbs of fire (Zot:5)
  3 ancient liches (Zot:5)
  Boris (Vaults:3)
  4 Killer Klowns (Zot:5)
  12 golden dragons
  3 curse toes (Zot:5)
  4 electric golems
  A Tzitzimitl (D:3)
  2 liches (Depths:2)
  19 tentacled monstrosities
  Rupert (D:15)
  28 Orb Guardians
  5 titans (Vaults:5)
  5 quicksilver dragons
  2 sphinxes
  9 death cobs
  4 thorn hunters
  13 shadow dragons
  8 draconian monks
  3 tengu reavers
  18 storm dragons
  5 nagarajas
  8 frost giants
  2 iron dragons
  3 imperial myrmidons (Desolation)
  14 vault wardens
  6 fire giants
  3 draconian knights
  2 cacodemons
  A ghost moth (Zot:3)
  6 draconian scorchers
  3 orc warlords
  A balrug (D:14)
  Aizul (Vaults:4)
  A warmonger (Zot:5)
  3 draconian stormcallers
  5 draconian annihilators
  20 stone giants
  7 draconian shifters
  26 very ugly things
  6 spriggan defenders
  A reaper (Zot:5)
  15 ironheart preservers
  12 green draconians
  3 vampire knights
  13 black draconians
  A war gargoyle (Vaults:4)
  A deep elf demonologist (Vaults:5)
  5 purple draconians
  11 yellow draconians
  9 red draconians
  A deep elf annihilator (Vaults:1)
  4 spark wasps (Depths:3)
  12 ettins
  4 crystal guardians
  14 white draconians
  2 deep elf death magi (Vaults:5)
  A blizzard demon (Zot:5)
  2 small abominations
  2 large abominations (Vaults:5)
  A deep elf high priest (Vaults:5)
  10 ogre magi
  13 yaktaur captains
  7 ragged hierophants (Desolation)
  10 fire dragons
  11 great orbs of eyes
  4 servants of whispers (Desolation)
  34 vault guards
  Harold (Lair:2)
  A peacekeeper (Desolation)
  2 catoblepae
  A hydra (shapeshifter) (Vaults:5)
  Erolcha (Orc:2)
  A great orb of eyes (shapeshifter) (Vaults:5)
  27 hydras
  3 hell beasts
  5 rakshasas
  9 ice dragons
  7 naga warriors
  A spriggan air mage (Depths:3)
  6 centaur warriors
  28 two-headed ogres
  2 dancing weapons (D:13)
  9 death yaks
  2 death knights (Vaults:3)
  8 alligators
  3 vampire magi
  16 deep troll shamans
  A queen ant (Lair:3)
  5 anacondas
  3 hell hogs (D:5)
  10 deep troll earth magi
  Urug (Lair:3)
  15 naga sharpshooters
  6 tengu warriors
  17 hell knights
  6 shock serpents
  A soul eater (Zot:4)
  6 spriggans
  3 spriggan berserkers (Depths:2)
  4 sun demons
  A fire crab (shapeshifter) (D:13)
  A fire crab (Lair:6)
  3 shadow wraiths
  6 deep elf knights
  12 iron trolls
  A sea snake (shapeshifter) (Depths:3)
  A sixfirhy (Zot:2)
  3 skeletal warriors (D:15)
  2 infernal demonspawn
  A glowing orange brain (shapeshifter) (Depths:1)
  A death drake (Depths:1)
  3 flayed ghosts
  3 glowing orange brains
  2 spriggan druids (Swamp:4)
  Pikel (D:5)
  2 shambling mangroves
  31 deep trolls
  An orange crystal statue (Vaults:1)
  10 wizards
  A torturous demonspawn (Zot:5)
  An unseen horror (D:12)
  2 phantasmal warriors (Vaults:5)
  9 swamp dragons
  3 naga ritualists
  16 ironbrand convokers
  5 deep elf archers
  10 mana vipers
  3 lindwurms (Swamp:4)
  10 harpies
  The ghost of p0werm0de the Skirmisher, a novice DsFE of Wu Jian (D:8)
  A fire giant zombie (Depths:1)
  A golden dragon skeleton (Depths:2)
  A sphinx zombie (Depths:2)
  5 necromancers
  13 deep elf magi
  5 wolf spiders
  A frost giant zombie (Depths:1)
  46 ugly things
  An orb spider (shapeshifter) (Vaults:1)
  22 orc knights
  3 orc sorcerers
  8 salamanders
  4 cyclopes
  6 elephants (Lair:5)
  4 manticores
  2 worldbinders (Depths:1)
  A stone giant zombie (Depths:1)
  31 moths of wrath
  A frost giant skeleton (Depths:1)
  18 vault sentinels
  29 naga magi
  A stone giant skeleton (Depths:1)
  2 rust devils
  4 molten gargoyles
  3 gargoyles
  13 guardian serpents
  A spriggan zombie (Depths:2)
  23 black mambas
  2 orange demons
  2 smoke demons (Zot:3)
  A torpor snail (Lair:5)
  6 centaur skeletons
  4 rime drakes
  16 spiny frogs
  42 yaktaurs
  A kobold demonologist (Depths:4)
  4 freezing wraiths
  An ice devil (Depths:1)
  4 tengu conjurers (Depths:1)
  4 hellwings
  8 komodo dragons
  10 trolls
  2 red devils
  A troll (shapeshifter) (Vaults:1)
  4 tyrant leeches
  21 polar bears
  61 saltlings (Desolation)
  9 bog bodies
  A hornet (shapeshifter) (D:15)
  A slime creature (shapeshifter) (Depths:4)
  A sphinx simulacrum (Vaults:3)
  23 hornets
  37 slime creatures
  11 dream sheep
  A blink frog (shapeshifter) (Vaults:1)
  An iron dragon simulacrum (Depths:5)
  4 hippogriffs
  3 air elementals (Depths:3)
  2 shadows
  A centaur simulacrum (D:14)
  A ynoxinul (Depths:2)
  4 redbacks (Depths:1)
  45 yaks
  A water elemental (Depths:5)
  5 wyverns
  Eustachio (D:4)
  An elf zombie (Depths:5)
  A wraith (Vaults:3)
  A tarantella (Depths:1)
  A fire bat (shapeshifter) (Vaults:4)
  A hog (Depths:1)
  8 basilisks
  6 chaos spawn
  3 neqoxecs
  2 steam dragons
  12 vampire mosquitoes
  A hungry ghost (D:12)
  22 insubstantial wisps
  37 nagas
  8 wargs
  18 swamp worms
  A naga (shapeshifter) (Vaults:2)
  7 soldier ants
  2 acid dragons
  A swamp worm (shapeshifter) (Depths:3)
  5 hell hounds
  15 water moccasins
  An acid dragon (shapeshifter) (Depths:2)
  10 porcupines
  12 swamp drakes
  5 sky beasts
  A meliai simulacrum (D:15)
  46 orc warriors
  10 ice beasts
  A black bear (D:8)
  2 phantoms
  28 ogres
  A slave (D:5)
  An eye of draining (D:14)
  21 wolves
  4 boggarts
  9 centaurs
  4 big kobolds
  5 crocodiles
  A bullfrog (shapeshifter) (Depths:4)
  16 bullfrogs
  A glowing shapeshifter simulacrum (Depths:2)
  A wyvern zombie (D:12)
  2 earth elementals (Depths:1)
  10 scorpions
  A water moccasin skeleton (D:5)
  8 killer bees
  13 wights
  A vampire bat (Depths:1)
  5 electric eels
  2 howler monkeys
  8 crimson imps
  5 lava snakes (Lair:6)
  5 centaur zombies
  4 quasits (Depths:2)
  3 hounds
  A human zombie (Ossuary)
  26 orc priests
  A jelly (D:8)
  2 iron imps
  34 orc wizards
  5 iguanas
  33 worker ants
  2 big kobold zombies (Ossuary)
  A hound zombie (D:11)
  4 mummies
  A river rat (Lair:4)
  6 adders
  6 scorpion zombies (Ossuary)
  3 shadow imps
  2 white imps (Depths:2)
  An ooze (D:2)
  An adder zombie (D:7)
  A worm (shapeshifter) (Vaults:1)
  4 worms
  3 dart slugs
  4 leopard geckos
  129 orcs
  5 bats (D:1)
  2 bat zombies (D:5)
  5 giant cockroaches
  A gnoll zombie (Ossuary)
  11 goblins
  8 hobgoblins
  5 jackals
  11 quokkas
  A ball python (D:2)
  A ball python skeleton (D:6)
  7 frilled lizards
  A goblin zombie (Ossuary)
  A hobgoblin zombie (Ossuary)
  16 kobolds
  2 kobold zombies (Ossuary)
  2 leopard gecko skeletons
  A leopard gecko zombie (D:9)
  2 orc zombies (Ossuary)
  12 rats
  A rat zombie (D:5)
  2 briar patches (Swamp:2)
  A crawling corpse (Vaults:5)
  A fungus (Lair:6)
  A pillar of salt (Vaults:3)
  2 plants
2202 creatures vanquished.

Vanquished Creatures (collateral kills)
  A tentacled monstrosity (Zot:5)
  3 Orb Guardians
  A shadow dragon (Depths:5)
  3 nagarajas
  Roxanne (Snake:4)
  A fire giant (Depths:3)
  A frost giant (Vaults:4)
  A ghost moth (shapeshifter) (Depths:2)
  2 orc warlords (Depths:2)
  A ghost moth (Zot:3)
  2 draconian scorchers
  A vault warden (Vaults:3)
  A spriggan defender (Depths:2)
  3 ironheart preservers
  3 very ugly things
  2 stone giants
  A deep elf demonologist (Vaults:4)
  2 yellow draconians
  A purple draconian (Zot:3)
  An ogre mage (Vaults:2)
  A great orb of eyes (Vaults:3)
  A naga warrior (Snake:4)
  A hydra (Swamp:3)
  3 vault guards
  A centaur warrior (Vaults:1)
  5 two-headed ogres
  2 deep troll shamans
  A vampire mage (Depths:1)
  2 death yaks (Lair:6)
  3 hell knights (Depths:5)
  3 deep elf knights
  A spriggan berserker (Depths:2)
  A spriggan (Depths:2)
  An iron troll (Depths:2)
  5 deep trolls
  A swamp dragon (Swamp:3)
  2 deep elf archers (Vaults:5)
  A necromancer (Depths:3)
  3 orc knights
  3 deep elf magi
  A harpy (shapeshifter) (Vaults:1)
  2 harpies (Vaults:4)
  6 ugly things
  A wolf spider (Vaults:5)
  A mana viper (Depths:2)
  2 elephants (Lair:5)
  3 moths of wrath
  A centaur zombie (D:15)
  4 black mambas
  A naga mage (Snake:4)
  3 vault sentinels
  A komodo dragon (Lair:3)
  A spiny frog (Lair:3)
  4 yaktaurs
  A shadow dragon simulacrum (Vaults:3)
  2 hornets
  2 saltlings (Desolation)
  A polar bear (IceCv)
  Grinder (D:5)
  2 slime creatures (Vaults:2)
  A centaur simulacrum (D:15)
  A human (shapeshifter) (Vaults:1)
  6 yaks
  A golden eye (D:5)
  2 wargs
  3 nagas
  A hell hound (D:14)
  An orc warrior (Vaults:1)
  2 ogres
  3 wolves
  3 bullfrogs
  An orc wizard (Vaults:5)
  3 orcs
141 creatures vanquished.

Vanquished Creatures (others)
  Asterion (Vaults:3)
  An anaconda (Snake:3)
  A spriggan air mage (Depths:3)
  A two-headed ogre (D:12)
  A harpy (Vaults:4)
  An orc sorcerer (Orc:2)
  3 moths of wrath (Zot:5)
  A wyvern (Lair:6)
  3 yaks (IceCv)
  An orc warrior (Orc:2)
  A boggart (Depths:3)
  An ogre (Vaults:4)
  An orc (Vaults:1)
  7 fungi
  4 plants
28 creatures vanquished.

Grand Total: 2371 creatures vanquished

Notes
Turn   | Place    | Note
-------+----------+-------------------------------------------
     0 | D:1      | Charly the Demonspawn Gladiator began the quest for the Orb.
     0 | D:1      | Reached XP level 1. HP: 16/16 MP: 1/1
   311 | D:1      | Gained mutation: You are partially covered in rugged brown scales. (AC +1, +3% HP) [demonic ancestry]
   311 | D:1      | Reached XP level 2. HP: 10/22 MP: 2/2
  1072 | D:1      | Reached XP level 3. HP: 23/27 MP: 3/3
  1621 | D:2      | Found a shadowy altar of Dithmenos.
  1783 | D:2      | Reached XP level 4. HP: 12/33 MP: 4/4
  1812 | D:2      | HP: 1/33 [poisoned by an adder]
  2236 | D:2      | Found a hazy altar of Hepliaklqana.
  2614 | D:3      | Reached skill level 5 in Axes
  3299 | D:4      | Noticed a water moccasin
  3320 | D:4      | Killed a water moccasin
  3320 | D:4      | Reached XP level 5. HP: 19/39 MP: 5/5
  3523 | D:4      | Noticed Eustachio
  3900 | D:4      | Killed Eustachio
  3900 | D:4      | Reached XP level 6. HP: 31/45 MP: 6/6
  3907 | D:4      | Got a jewelled rapier {speed}
  3908 | D:4      | Identified the +6 rapier of the Grave {speed, Str+6 Stlth+} (You took it off Eustachio on level 4 of the Dungeon)
  3947 | D:4      | Noticed a sky beast
  3960 | D:4      | Killed a sky beast
  3963 | D:4      | Gained mutation: Your body sometimes deteriorates upon taking damage. [mutagenic meat]
  4402 | D:5      | Entered Level 5 of the Dungeon
  4432 | D:5      | Found a sand-covered staircase.
  4504 | Ossuary  | Entered an ossuary
  4519 | Ossuary  | Reached XP level 7. HP: 52/52 MP: 7/7
  4846 | Ossuary  | Reached skill level 5 in Fighting
  5335 | D:5      | Found a deep blue altar of Sif Muna.
  5337 | D:5      | Found a glowing golden altar of the Shining One.
  5337 | D:5      | Found a bloodstained altar of Trog.
  5339 | D:5      | Found a glowing silver altar of Zin.
  5341 | D:5      | Found a blossoming altar of Fedhas.
  5341 | D:5      | Found a hide-covered altar of Uskayaw.
  5342 | D:5      | Found an iron altar of Okawaru.
  5350 | D:5      | Became a worshipper of Warmaster Okawaru
  5366 | D:5      | Noticed Pikel
  5394 | D:5      | Killed Pikel
  5394 | D:5      | Reached * piety under Okawaru
  5394 | D:5      | Gained mutation: A weak demonic guardian rushes to your aid. [demonic ancestry]
  5394 | D:5      | Reached XP level 8. HP: 70/70 MP: 8/8
  5462 | D:5      | Got a heavily runed leather armour
  5473 | D:5      | Identified the +1 leather armour of Weightlessness {rElec rC- Int+2 Dex+2} (You found it on level 5 of the Dungeon)
  5762 | D:5      | Found a staircase to the Ecumenical Temple.
  5828 | D:5      | Reached skill level 1 in Armour
  5838 | D:5      | Noticed Grinder
  5851 | D:5      | Killed Grinder
  5898 | D:5      | Reached ** piety under Okawaru
  6032 | D:5      | Noticed Sigmund
  6034 | D:5      | Noticed Sigmund
  6034 | D:5      | Sigmund changed into Sigmund the golden eye
  6047 | D:5      | Killed Sigmund the golden eye
  6134 | D:5      | Found an ancient bone altar of Kikubaaqudgha.
  6252 | D:6      | Learned a level 1 spell: Animate Skeleton
  6254 | D:6      | Learned a level 1 spell: Apportation
  6260 | D:6      | Gained mutation: You are mostly covered in rugged brown scales. (AC +2, +5% HP) [demonic ancestry]
  6260 | D:6      | Reached XP level 9. HP: 72/78 MP: 9/9
  6611 | D:6      | Reached skill level 1 in Invocations
  6659 | D:6      | Got a scorched platinum amulet
  6660 | D:6      | Identified the amulet "Zebre" {+Rage Int+2 Dex+3} (You found it on level 6 of the Dungeon)
  6954 | D:6      | Reached skill level 1 in Short Blades
  7070 | D:7      | Found a shadowy altar of Dithmenos.
  7309 | D:7      | Reached skill level 1 in Evocations
  7336 | D:7      | Reached *** piety under Okawaru
  7336 | D:7      | Reached skill level 1 in Shields
  7673 | D:8      | Noticed p0werm0de's ghost (novice DsFE)
  7683 | D:8      | Killed p0werm0de's ghost
  7857 | D:8      | Noticed Grum
  7871 | D:8      | Noticed Grum
  7871 | D:8      | Grum changed into Grum the jelly
  7874 | D:8      | Killed Grum the jelly
  8132 | D:8      | Reached **** piety under Okawaru
  8282 | D:8      | Gained mutation: You have sharp fingernails. [demonic ancestry]
  8282 | D:8      | Reached XP level 10. HP: 87/87 MP: 11/11
  8360 | D:8      | Reached skill level 5 in Dodging
  8909 | D:9      | Gained mutation: Your magical capacity is low. (-10% MP) [mutagenic meat]
  8910 | D:9      | Gained mutation: You have a pair of small antennae on your head. [mutagenic meat]
  8911 | D:9      | Gained mutation: Armour fits poorly on your strangely shaped body. [mutagenic meat]
  8912 | D:9      | Gained mutation: Your muscles are strong. (Str +2) [mutagenic meat]
  8919 | D:9      | Lost mutation: Your body sometimes deteriorates upon taking damage. [potion of mutation]
  8919 | D:9      | Lost mutation: Your magical capacity is low. (-10% MP) [potion of mutation]
  8919 | D:9      | Gained mutation: You tend to lose your temper in combat. [potion of mutation]
  8919 | D:9      | Lost mutation: You tend to lose your temper in combat. [potion of mutation]
  8919 | D:9      | Gained mutation: You expend magic power (3 MP) to strengthen your wands. [potion of mutation]
  8919 | D:9      | Gained mutation: You are robust. (+10% HP) [potion of mutation]
  8939 | D:9      | Noticed a two-headed ogre
  8959 | D:9      | Killed a two-headed ogre
  9128 | D:9      | Reached ***** piety under Okawaru
  9574 | D:9      | Noticed a two-headed ogre
  9587 | D:9      | Killed a two-headed ogre
  9587 | D:9      | Reached skill level 10 in Fighting
  9622 | D:9      | Noticed a two-headed ogre
  9635 | D:9      | Killed a two-headed ogre
  9635 | D:9      | Reached skill level 1 in Crossbows
  9635 | D:9      | Reached skill level 5 in Invocations
  9789 | D:10     | Entered Level 10 of the Dungeon
 10135 | D:10     | Found Qudi's Book Shoppe.
 10185 | D:10     | Noticed a two-headed ogre
 10193 | D:10     | Killed a two-headed ogre
 10193 | D:10     | Gained mutation: You have very sharp fingernails. [demonic ancestry]
 10193 | D:10     | Reached XP level 11. HP: 105/105 MP: 15/15
 11199 | D:11     | Noticed a two-headed ogre
 11208 | D:11     | Killed a two-headed ogre
 11523 | D:11     | Reached ****** piety under Okawaru
 11676 | D:11     | Noticed a death yak
 11715 | D:11     | Killed a death yak
 11715 | D:11     | Received a gift from Okawaru
 11807 | D:11     | Noticed a death yak
 11807 | D:11     | Noticed a death yak
 11807 | D:11     | Noticed a death yak
 11858 | D:11     | Killed a death yak
 11911 | D:11     | Noticed a red ugly thing
 11936 | D:11     | Killed a death yak
 11936 | D:11     | Reached skill level 5 in Crossbows
 11944 | D:11     | Killed a red ugly thing
 12017 | D:11     | Found a staircase to the Lair.
 12120 | D:11     | Noticed a death yak
 12153 | D:11     | Killed a death yak
 12153 | D:11     | Received a gift from Okawaru
 12162 | D:11     | Killed a death yak
 12162 | D:11     | Reached skill level 10 in Invocations
 12162 | D:11     | Gained mutation: You have claws for hands. [demonic ancestry]
 12162 | D:11     | Reached XP level 12. HP: 93/115 MP: 13/19
 12422 | D:11     | Reached skill level 1 in Unarmed Combat
 12520 | D:11     | Noticed a two-headed ogre
 12526 | D:11     | Killed a two-headed ogre
 12526 | D:11     | Reached skill level 2 in Unarmed Combat
 12768 | D:11     | Found a staircase to the Orcish Mines.
 12914 | Lair:1   | Entered Level 1 of the Lair of Beasts
 12991 | Lair:1   | Reached skill level 3 in Unarmed Combat
 13812 | Lair:2   | Reached skill level 4 in Unarmed Combat
 13930 | Lair:2   | Found a staircase to the Snake Pit.
 14179 | Lair:2   | Reached skill level 5 in Unarmed Combat
 14182 | Lair:2   | Noticed Harold
 14198 | Lair:2   | Killed Harold
 14448 | Lair:2   | Received a gift from Okawaru
 14770 | Lair:2   | Reached skill level 6 in Unarmed Combat
 14859 | Lair:3   | Noticed Urug
 14889 | Lair:3   | Killed Urug
 14903 | Lair:3   | Noticed a four-headed hydra
 15029 | Lair:3   | Found a frozen archway.
 15054 | Lair:3   | Received a gift from Okawaru
 15093 | IceCv    | Entered an ice cave
 15139 | IceCv    | Reached skill level 7 in Unarmed Combat
 15817 | IceCv    | Reached XP level 13. HP: 68/121 MP: 20/20
 15998 | IceCv    | Reached skill level 8 in Unarmed Combat
 16205 | IceCv    | Noticed a white draconian
 16244 | IceCv    | Killed a white draconian
 16513 | Lair:3   | Reached skill level 9 in Unarmed Combat
 17011 | Lair:3   | Got a slimy leather armour
 17022 | Lair:3   | Identified the +3 leather armour of Foolhardiness {Regen+ Dex+2} (You found it on level 3 of the Lair of Beasts)
 17110 | Lair:3   | Received a gift from Okawaru
 17456 | Lair:3   | Reached skill level 10 in Unarmed Combat
 17472 | Lair:3   | Found a staircase to the Swamp.
 18127 | Lair:4   | Got a brightly glowing rapier
 18134 | Lair:4   | Identified the +6 rapier "Ylom" {pierce, *Contam MP+9 Dex+2} (You found it on level 4 of the Lair of Beasts)
 18148 | Lair:4   | Gained mutation: Your body sometimes deteriorates upon taking damage. [mutagenic glow]
 18497 | Lair:4   | Received a gift from Okawaru
 18758 | Lair:5   | Reached skill level 11 in Unarmed Combat
 19422 | Lair:5   | Reached skill level 12 in Unarmed Combat
 19422 | Lair:5   | Gained mutation: When hurt, damage is shared between your health and your magic reserves. [demonic ancestry]
 19422 | Lair:5   | Reached XP level 14. HP: 129/129 MP: 21/21
 19423 | Lair:5   | Reached skill level 13 in Unarmed Combat
 19423 | Lair:5   | Gained mutation: A demonic guardian rushes to your aid. [demonic ancestry]
 19423 | Lair:5   | Reached XP level 15. HP: 136/136 MP: 22/22
 20067 | D:12     | Reached skill level 14 in Unarmed Combat
 20159 | D:12     | Lost mutation: Your muscles are strong. (Str +2) [potion of mutation]
 20159 | D:12     | Lost mutation: You are robust. (+10% HP) [potion of mutation]
 20159 | D:12     | Lost mutation: You expend magic power (3 MP) to strengthen your wands. [potion of mutation]
 20159 | D:12     | Lost mutation: Armour fits poorly on your strangely shaped body. [potion of mutation]
 20159 | D:12     | Gained mutation: Your system is resistant to poisons. (rPois) [potion of mutation]
 20159 | D:12     | Gained mutation: You are resistant to hostile enchantments. (MR+) [potion of mutation]
 20159 | D:12     | Gained mutation: Your flesh is heat resistant. (rF+) [potion of mutation]
 20159 | D:12     | Gained mutation: You possess an exceptional clarity of mind. [potion of mutation]
 20440 | D:12     | Received a gift from Okawaru
 20449 | D:12     | Gained mutation: You resist negative energy. (rN+) [demonic ancestry]
 20449 | D:12     | Reached XP level 16. HP: 130/131 MP: 23/23
 21132 | D:13     | Found a gate to the Vaults.
 21340 | D:13     | Found a sacrificial altar of Ru.
 21427 | D:13     | Found Hykkefer's Food Boutique.
 21445 | D:13     | Received a gift from Okawaru
 22480 | D:15     | Entered Level 15 of the Dungeon
 23331 | D:15     | Noticed Rupert
 23345 | D:15     | Killed Rupert
 23572 | D:15     | Reached skill level 15 in Unarmed Combat
 23579 | D:15     | Found a staircase to the Depths.
 23586 | D:15     | Was placed under penance by Okawaru
 24042 | Lair:5   | Learned a level 3 spell: Regeneration
 24045 | Lair:6   | Entered Level 6 of the Lair of Beasts
 24191 | Lair:6   | Was forgiven by Okawaru
 24560 | Lair:6   | Received a gift from Okawaru
 25242 | Lair:6   | Found a viscous altar of Jiyva.
 25242 | Lair:6   | Found a staircase to the Slime Pits.
 25442 | Lair:6   | Found a large runed door.
 25443 | Lair:6   | Found a large runed door.
 25464 | Lair:6   | Reached skill level 10 in Dodging
 25745 | Orc:1    | Entered Level 1 of the Orcish Mines
 26129 | Orc:2    | Entered Level 2 of the Orcish Mines
 26264 | Orc:2    | Noticed Erolcha
 26269 | Orc:2    | Killed Erolcha
 26421 | Orc:2    | Found a roughly hewn altar of Beogh.
 26430 | Orc:2    | Found a staircase to the Elven Halls.
 26850 | Orc:2    | Found a roughly hewn altar of Beogh.
 26869 | Orc:2    | Found Yreduov's Book Boutique.
 26919 | Orc:2    | Found a roughly hewn altar of Beogh.
 26990 | Orc:2    | Found a roughly hewn altar of Beogh.
 27035 | Orc:2    | Found a roughly hewn altar of Beogh.
 27035 | Orc:2    | Found Riomol's Jewellery Shop.
 27346 | Orc:2    | Found Tass's Antique Weapon Boutique.
 27347 | Orc:2    | Found a roughly hewn altar of Beogh.
 27354 | Orc:2    | Found Ahuh's Antique Armour Shop.
 27370 | Orc:2    | Bought an embroidered cloak for 135 gold pieces
 27423 | Orc:2    | Bought the ring "Ussohadd" {Fire rElec Str+2} for 604 gold pieces
 27423 | Orc:2    | Bought a +4 ring of protection for 504 gold pieces
 27544 | D:10     | Bought a book of Transfigurations for 770 gold pieces
 27551 | D:10     | Learned a level 6 spell: Statue Form
 27649 | Snake:1  | Entered Level 1 of the Snake Pit
 27745 | Snake:1  | Reached XP level 17. HP: 101/137 MP: 5/24
 27785 | Snake:1  | Reached skill level 1 in Transmutations
 27785 | Snake:1  | Reached skill level 1 in Earth Magic
 27940 | Snake:1  | Reached skill level 1 in Spellcasting
 28346 | Snake:2  | Received a gift from Okawaru
 29699 | Snake:3  | Received a gift from Okawaru
 30322 | Snake:4  | Entered Level 4 of the Snake Pit
 30440 | Snake:4  | Noticed Roxanne
 30456 | Snake:4  | Killed Roxanne
 30456 | Snake:4  | Reached skill level 5 in Transmutations
 30456 | Snake:4  | Reached skill level 5 in Earth Magic
 30459 | Snake:4  | Identified Roxanne's Almanac of Earth (You took it off Roxanne on level 4 of the Snake Pit)
 30513 | Snake:4  | Received a gift from Okawaru
 31433 | Snake:4  | Received a gift from Okawaru
 31728 | Snake:4  | Received a gift from Okawaru
 31848 | Snake:4  | Reached skill level 5 in Spellcasting
 31967 | Snake:4  | Received a gift from Okawaru
 32181 | Snake:4  | Gained mutation: A powerful demonic guardian rushes to your aid. [demonic ancestry]
 32181 | Snake:4  | Reached XP level 18. HP: 89/144 MP: 17/25
 32401 | Snake:4  | Got a serpentine rune of Zot
 32596 | Swamp:1  | Entered Level 1 of the Swamp
 32708 | Swamp:1  | Identified a scroll of acquirement
 33030 | Swamp:1  | Received a gift from Okawaru
 33556 | Swamp:2  | Received a gift from Okawaru
 34022 | Swamp:3  | Received a gift from Okawaru
 34836 | Swamp:4  | Entered Level 4 of the Swamp
 34879 | Swamp:4  | Received a gift from Okawaru
 34884 | Swamp:4  | Got a faintly glowing hat {god gift}
 34895 | Swamp:4  | Identified the +2 hat "Nuhe" {rN+} (Okawaru gifted it to you on level 4 of the Swamp)
 35168 | Swamp:4  | Reached skill level 10 in Transmutations
 35173 | Swamp:4  | Reached skill level 10 in Earth Magic
 35918 | Swamp:4  | Got a decaying rune of Zot
 36374 | Vaults:1 | Entered Level 1 of the Vaults
 36702 | Vaults:1 | Gained mutation: You regenerate magic rapidly. [demonic ancestry]
 36702 | Vaults:1 | Reached XP level 19. HP: 148/151 MP: 22/30
 36732 | Vaults:1 | Received a gift from Okawaru
 36839 | Vaults:1 | Received a gift from Okawaru
 37276 | Vaults:1 | Found a snail-covered altar of Cheibriados.
 38173 | Vaults:2 | Found Goibionn's Distillery.
 38183 | Vaults:2 | Bought a potion of heal wounds for 100 gold pieces
 38183 | Vaults:2 | Bought a potion of might for 80 gold pieces
 38183 | Vaults:2 | Bought 2 potions of agility for 160 gold pieces
 38183 | Vaults:2 | Bought 2 potions of haste for 400 gold pieces
 38183 | Vaults:2 | Bought a potion of curing for 60 gold pieces
 38183 | Vaults:2 | Bought a potion of agility for 80 gold pieces
 38183 | Vaults:2 | Bought a potion of agility for 80 gold pieces
 38453 | Vaults:2 | Received a gift from Okawaru
 38559 | Vaults:2 | Identified the +7 executioner's axe of Watchfulness {elec, MR+} (Okawaru gifted it to you on level 2 of the Vaults)
 38597 | Vaults:2 | Found Fenatuc's Antique Armour Emporium.
 38824 | Vaults:2 | Found Ommidgh Zofi's Gadget Emporium.
 38995 | Vaults:2 | Found Exyloyh's Gadget Emporium.
 39033 | Vaults:2 | Received a gift from Okawaru
 39478 | Vaults:3 | Noticed Asterion
 39490 | Vaults:3 | Killed Asterion
 39575 | Vaults:3 | Found a portal to a secret trove of treasure.
 39648 | Vaults:3 | HP: 2/151 [death knight/enchanted glaive (14)]
 39674 | Vaults:3 | Found a staircase to the Crypt.
 39701 | Vaults:3 | Received a gift from Okawaru
 39714 | Vaults:3 | Reached XP level 20. HP: 67/158 MP: 26/33
 39760 | Vaults:3 | Found a ruined gateway.
 39787 | Desolati | Entered the Desolation of Salt
 40136 | Desolati | Got a pitted emerald amulet
 40137 | Desolati | Identified the amulet of Virinef {Reflect rN+ Str+5 Int-2 SH+5} (You found it in the Desolation of Salt)
 40140 | Desolati | Identified Pazxaom's Volume of Damaging Black Rites
 40149 | Desolati | Learned a level 6 spell: Deflect Missiles
 40264 | Desolati | Identified the cursed +1 scale mail of the Sea {rElec Int+5} (You found it in the Desolation of Salt)
 40512 | Desolati | Identified the Collected Works on Harmful Summoning
 40521 | Desolati | Identified the Handbook of Earthen Envenoming
 40596 | Desolati | Reached skill level 10 in Spellcasting
 40989 | Orc:2    | Bought a heavy robe for 102 gold pieces
 40989 | Orc:2    | Bought a glowing shield for 135 gold pieces
 40999 | Orc:2    | Identified the +1 robe of Filth {rCorr Int-4 Dex+8} (You bought it in a shop on level 2 of the Orcish Mines)
 41013 | Orc:2    | Bought a runed robe for 66 gold pieces
 41013 | Orc:2    | Bought a runed robe for 66 gold pieces
 41013 | Orc:2    | Bought a runed robe for 66 gold pieces
 41789 | Vaults:3 | Noticed Boris
 41798 | Vaults:3 | Killed Boris
 41888 | Vaults:3 | Received a gift from Okawaru
 42283 | Vaults:4 | Found Epeateux's Food Emporium.
 42314 | Vaults:4 | Noticed Aizul
 42321 | Vaults:4 | Killed Aizul
 42323 | Vaults:4 | Found a flickering gateway to a bazaar.
 42341 | Bazaar   | Entered a bazaar
 42341 | Bazaar   | Found Rarghi's Antique Weapon Shoppe.
 42341 | Bazaar   | Found Fithamni's Distillery.
 42342 | Bazaar   | Found Xeorgh's Armour Emporium.
 42342 | Bazaar   | Found Sirousk's Armour Emporium.
 42358 | Bazaar   | Bought the +2 cloak "Mumpel" {Slay+4} for 421 gold pieces
 42473 | Vaults:4 | Found Bemn's Antique Weapon Emporium.
 42517 | Vaults:4 | Got a flickering jade ring
 42519 | Vaults:4 | Identified the ring of Hoalizxo {MP+9 Int+4 Stlth+} (You acquired it on level 4 of the Vaults)
 42554 | Vaults:4 | Received a gift from Okawaru
 42574 | Vaults:4 | Found Nearhaill's Weapon Shoppe.
 42627 | Vaults:4 | Received a gift from Okawaru
 43038 | Vaults:4 | Reached skill level 16 in Unarmed Combat
 43038 | Vaults:4 | Gained mutation: You are completely covered in rugged brown scales. (AC +3, +7% HP) [demonic ancestry]
 43038 | Vaults:4 | Reached XP level 21. HP: 167/167 MP: 35/35
 43170 | Vaults:4 | Received a gift from Okawaru
 43490 | Depths:1 | Entered Level 1 of the Depths
 43807 | Depths:1 | Identified the Almanac of the Beginning
 43879 | Depths:1 | Identified Xuroved's Handbook of Changing
 43920 | Depths:1 | Received a gift from Okawaru
 43927 | Depths:1 | Identified the +0 robe of the Ecumenical Temple {rElec rF+ MP+9 Int+4} (Okawaru gifted it to you on level 1 of the Depths)
 43949 | Depths:1 | Found a corrupted altar of Lugonu.
 43961 | Depths:1 | Found a one-way gate to the infinite horrors of the Abyss.
 44190 | Depths:1 | Identified the Handbook of Creation
 44201 | Depths:1 | Learned a level 7 spell: Dragon Form
 44552 | Depths:1 | Found Ifiydgh's Elemental Accessories.
 44755 | Depths:1 | Found a gateway to Hell.
 44884 | Depths:1 | Found a one-way gate leading to the halls of Pandemonium.
 44890 | Depths:1 | Reached skill level 17 in Unarmed Combat
 44995 | Depths:1 | Identified the Tome of Poison
 45208 | Depths:2 | Received a gift from Okawaru
 45468 | Depths:2 | Gained mutation: You are somewhat able to resist unholy torments (1 in 2 success). [demonic ancestry]
 45468 | Depths:2 | Reached XP level 22. HP: 179/179 MP: 36/36
 45598 | Depths:2 | Found Diulac's Gadget Shop.
 45599 | Depths:2 | Found Taapafas's Jewellery Emporium.
 45600 | Depths:2 | Found Viroz's Gadget Shop.
 45742 | Depths:2 | Found a runed door.
 45784 | Depths:2 | Reached skill level 18 in Unarmed Combat
 45840 | Depths:2 | Found a runed door.
 45943 | Depths:3 | Received a gift from Okawaru
 46066 | Depths:3 | Received a gift from Okawaru
 46070 | Depths:3 | Identified the +9 executioner's axe of Doubt {venom, rElec rF- rN+ Stlth+} (Okawaru gifted it to you on level 3 of the Depths)
 46777 | Depths:3 | Received a gift from Okawaru
 47659 | Depths:4 | Received a gift from Okawaru
 47663 | Depths:4 | Reached skill level 19 in Unarmed Combat
 48036 | Depths:4 | Received a gift from Okawaru
 48056 | Depths:4 | Reached XP level 23. HP: 157/191 MP: 30/37
 48725 | Depths:5 | Entered Level 5 of the Depths
 49038 | Depths:5 | Found a gate to the Realm of Zot.
 49158 | Depths:5 | Reached skill level 15 in Fighting
 49220 | Depths:5 | Received a gift from Okawaru
 49285 | Depths:5 | Found a gateway to a ziggurat.
 49592 | Depths:2 | Bought the ring of Esoliliv {+Fly MR+ Str+4} for 539 gold pieces
 49831 | Vaults:5 | Entered Level 5 of the Vaults
 49843 | Vaults:5 | Reached skill level 20 in Unarmed Combat
 49847 | Vaults:5 | Got a silver rune of Zot
 49917 | Vaults:5 | Received a gift from Okawaru
 50138 | Vaults:5 | Gained mutation: Your melee attacks may debilitate your foes. [demonic ancestry]
 50138 | Vaults:5 | Reached XP level 24. HP: 172/202 MP: 33/37
 50175 | Vaults:5 | Received a gift from Okawaru
 50802 | Vaults:5 | Reached skill level 21 in Unarmed Combat
 51135 | Vaults:5 | Identified Sif Muna's Tome of the Burning Rocks
 51192 | Vaults:5 | Reached skill level 15 in Dodging
 51830 | Vaults:5 | Got a smoking shield
 51831 | Vaults:5 | Identified the +7 shield of Responsibility {rC+ Regen+} (You took it off a deep elf mage on level 5 of the Vaults)
 52125 | Zot:1    | Entered Level 1 of the Realm of Zot
 52354 | Zot:1    | Reached skill level 5 in Shields
 52366 | Zot:1    | Received a gift from Okawaru
 52579 | Zot:1    | Received a gift from Okawaru
 53056 | Zot:2    | Received a gift from Okawaru
 53121 | Zot:2    | Reached XP level 25. HP: 210/210 MP: 37/37
 53173 | Zot:2    | Reached skill level 10 in Shields
 53533 | Zot:3    | Received a gift from Okawaru
 53681 | Zot:3    | Found a transporter.
 53858 | Zot:3    | Received a gift from Okawaru
 53894 | Zot:3    | Found a transporter.
 53951 | Zot:3    | Received a gift from Okawaru
 54226 | Zot:3    | Identified the amulet of Wocwetek {Harm *Drain rPois MR++} (You acquired it on level 3 of the Realm of Zot)
 54292 | Zot:3    | Got a scorched bronze ring
 54305 | Zot:3    | Got a crude lead ring
 54313 | Zot:3    | Identified the ring "Guoloyt" {rN+ Int+3} (You found it on level 3 of the Realm of Zot)
 54314 | Zot:3    | Identified the ring "Kappuled" {rPois Str+6 Int-3 Stlth+} (You found it on level 3 of the Realm of Zot)
 54387 | Zot:4    | Received a gift from Okawaru
 54390 | Zot:4    | Identified the +8 executioner's axe "Becam" {venom, rElec rC+} (Okawaru gifted it to you on level 4 of the Realm of Zot)
 54589 | Zot:4    | Reached skill level 15 in Shields
 54816 | Zot:4    | Gained mutation: When low on magic, you restore magic in place of health. [demonic ancestry]
 54816 | Zot:4    | Reached XP level 26. HP: 220/220 MP: 37/37
 55096 | Zot:5    | Entered Level 5 of the Realm of Zot
 55205 | Zot:5    | Received a gift from Okawaru
 55214 | Zot:5    | Received a gift from Okawaru
 55245 | Zot:5    | Noticed an ancient lich
 55266 | Zot:5    | Killed an ancient lich
 55266 | Zot:5    | Received a gift from Okawaru
 55326 | Zot:5    | Noticed an ancient lich
 55329 | Zot:5    | Killed an ancient lich
 55349 | Zot:5    | Noticed an ancient lich
 55355 | Zot:5    | Killed an ancient lich
 55355 | Zot:5    | Reached skill level 22 in Unarmed Combat
 55491 | Zot:5    | Noticed an orb of fire
 55496 | Zot:5    | Gained mutation: Scrolls take you a little longer to read. [an orb of fire]
 55503 | Zot:5    | Killed an orb of fire
 55509 | Zot:5    | Noticed an orb of fire
 55516 | Zot:5    | Gained mutation: Your magical capacity is low. (-10% MP) [an orb of fire]
 55517 | Zot:5    | Killed an orb of fire
 55517 | Zot:5    | Received a gift from Okawaru
 55709 | Zot:5    | Noticed an orb of fire
 55710 | Zot:5    | Gained mutation: You are dopey. (Int -2) [an orb of fire]
 55718 | Zot:5    | Killed an orb of fire
 55751 | Zot:5    | Reached XP level 27. HP: 231/231 MP: 33/33
 55825 | Zot:5    | Got the Orb of Zot
 55855 | Zot:5    | Reached skill level 23 in Unarmed Combat
 55912 | Zot:5    | Received a gift from Okawaru
 56051 | Zot:2    | Received a gift from Okawaru
 56172 | Depths:1 | Lost mutation: Scrolls take you a little longer to read. [potion of mutation]
 56172 | Depths:1 | Lost mutation: You are resistant to hostile enchantments. (MR+) [potion of mutation]
 56172 | Depths:1 | Lost mutation: You possess an exceptional clarity of mind. [potion of mutation]
 56172 | Depths:1 | Lost mutation: Your system is resistant to poisons. (rPois) [potion of mutation]
 56172 | Depths:1 | Gained mutation: You are agile. (Dex +2) [potion of mutation]
 56172 | Depths:1 | Gained mutation: You are resistant to hostile enchantments. (MR+) [potion of mutation]
 56173 | Depths:1 | Lost mutation: Your magical capacity is low. (-10% MP) [potion of mutation]
 56173 | Depths:1 | Lost mutation: You are agile. (Dex +2) [potion of mutation]
 56173 | Depths:1 | Lost mutation: You are resistant to hostile enchantments. (MR+) [potion of mutation]
 56173 | Depths:1 | Lost mutation: Your flesh is heat resistant. (rF+) [potion of mutation]
 56173 | Depths:1 | Gained mutation: You evolve. [potion of mutation]
 56173 | Depths:1 | Gained mutation: You are covered in fur. (AC +1) [potion of mutation]
 56260 | D:14     | Noticed Raac the pandemonium lord
 56271 | D:14     | Noticed Vogg the pandemonium lord
 56279 | D:14     | Killed Vogg the pandemonium lord
 56288 | D:14     | Killed Raac the pandemonium lord
 56430 | D:6      | Lost mutation: You are dopey. (Int -2) [evolution]
 56489 | D:5      | Noticed Ziteopum the pandemonium lord
 56502 | D:5      | Killed Ziteopum the pandemonium lord
 56612 | D:$      | Escaped with the Orb!

Vault maps used:
D:1:      dpeg_arrival_solitude
D:2:      cheibrodos_helix_gallery, nicolae_dithmenos_through_a_glass_darkly,
          lemuel_doored_altar, grunt_ministairs_7, minmay_tromino_i4
D:3:      first_bread, minivault_25
D:4:      corexii_shack, uniq_eustachio
D:5:      lemuel_zombie_altar_kikubaaqudgha, grunt_temple_overflow_open,
          minmay_temple_entry_junction, gup_ossuary_entry_pyramid, uniq_sigmund,
          uniq_grinder, uniq_pikel
D:6:      patterned_corridor
D:7:      basic_altar
D:8:      hangedman_pestilent_swarm, uniq_grum
D:10:     serial_shops, nicolae_shop_crystal
D:11:     dpeg_lair_monsters, david_orc_1_choice
D:13:     erik_vaults_1, serial_shops, kennysheep_mini, nicolae_ru_awakened_eye
D:14:     hangedman_decor_growths
D:15:     grunt_enter_depths_magical_seal, minmay_misc_feat_tower, uniq_rupert
Lair:2:   minmay_snake_entry_guardpost_small, cheibrodos_lair_lostbears,
          serial_bayou_shore_a, uniq_harold
Lair:3:   minmay_swamp_entry_worms, portal_ice_cave_entry_ice_beasts,
          zaba_antful_of_joy, grunt_megastairs_4, uniq_urug
Lair:4:   st_stairs_5, pond, lemuel_fruit_fields
Lair:5:   beast_lair_carwin_large_3, grunt_megastairs_5, lemuel_fruit_tree,
          lemuel_fruit_fields
Lair:6:   cheibrodos_lair_end_hotspot, dpeg_slime_entry_enclosed_altar,
          fungi_pond_lemuel, disabler_island
Swamp:1:  evilmike_swamp_ruin_house_1
Swamp:2:  evilmike_swamp_ruin_house_2
Swamp:3:  evilmike_swamp_ruin_house_5, swamp_pool5, st_swamp_mini
Swamp:4:  swamp_alternative
Snake:2:  nrook_guardian_serpent_double
Snake:3:  serial_bayou_shore_b
Snake:4:  snake_pit, uniq_roxanne
Orc:2:    grunt_orc_community_town_hall, grunt_orc_community_big_house_1,
          grunt_orc_community_big_house_1, grunt_orc_community_house_3,
          grunt_orc_community_house_2, grunt_orc_community_house_1,
          grunt_orc_community_house_1, grunt_orc_community_house_1,
          grunt_orc_community_house_1, uniq_erolcha
Vaults:1: v_misc_11, v_misc_5, hangedman_vaults_stagger, nicolae_vaults_big_ls,
          v_misc_3, nicolae_vaults_angled_halls, vaults_room_grid,
          nicolae_vaults_statue_guard, basic_altar
Vaults:2: v_alt_pattern_5, vaults_mumra_minichess_inversion,
          vaults_mumra_minichess, ontoclasm_vaults_idyll, v_pattern_2,
          nicolae_vaults_meeting, dpeg_vaults_monster_box, serial_shops,
          nicolae_shop_crystal, nicolae_shop_waterfront, shop, shop_fountains
Vaults:3: ontoclasm_vaults_ring_large, vaults_dpeg_doors,
          blue_anna_dwarven_crypt, hangedman_vaults_cutoff,
          hangedman_vaults_cutoff, vaults_room_hallway, v_alt_pattern_6,
          nicolae_vaults_circle_grid_a, v_misc_18, v_rooms_3, v_misc_30,
          vaults_dpeg_ring, nicolae_trove_entry_columns,
          portal_desolation_entry_garden, uniq_asterion, uniq_boris
Vaults:4: v_misc_2, nicolae_vaults_murderbox, v_misc_28, v_misc_30,
          vaults_dpeg_encased_lava, ontoclasm_vaults_loading_screen,
          dpeg_vaults_monster_row, v_misc_11, v_misc_22, v_alt_pattern_1,
          nicolae_vaults_alarming, vaults_room_fancy_cross, serial_shops,
          bzr_firewalk, shop, nicolae_shop_crystal, shop, uniq_aizul
Depths:1: grunt_hell_entry_dis_grunt, rand_demon_pan_entry_9,
          serial_hangedman_research, hangedman_research_toxicology,
          hangedman_research_geology, hangedman_research_convocations,
          hangedman_research_metamorphosis, minmay_misc_feat_columns,
          abyss_entry_flame_altar, nicolae_elemental_shop
Depths:2: cheibrodos_witchhunters_guild, serial_bayou_pond_a,
          grunt_pan_entry_zigzag, hell_entry, minmay_shop_grove,
          infiniplex_staircase_pool_2
Depths:3: four-leaf_vault, pan_entry, minmay_misc_feat_roman, hell_entry
Depths:4: nooodl_glass_maze, marbit_kobold_abyss_entry, hell_entry,
          hangedman_decor_push, pan_entry
Depths:5: grunt_zot_entry_bicorn, enter_ziggurat_f, serial_bayou_pond_b,
          pan_entry, grunt_mini_vestibule
Zot:3:    gammafunk_its_a_trap, zot_minivault_4
Zot:4:    kennysheep_ambush_hall
Zot:5:    grunt_ministairs_12
Bazaar:   bazaar_jpeg_oval
Ossuary:  ossuary_minmay_scorpions
IceCv:    ice_cave_caverns_03

Skill      XL: |  1  2  3  4  5  6  7  8  9 10 11 12 13 14 15 16 17 18 19 20 21 22 23 24 25 26 27 |
---------------+----------------------------------------------------------------------------------+-----
Axes           | 3 4 5 6 7 |  7.0
Fighting       | 8 9 10 11 12 14 15 16 17 18 | 18.3
Armour         | 2 3 4 |  4.2
Dodging        | 3 4 5 6 10 12 13 14 15 16 17 | 17.1
Invocations    | 2 5 10 | 10.1
Short Blades   | 2 4 |  4.4
Evocations     | 2 3 |  3.6
Shields        | 2 3 9 15 | 15.0
Crossbows      | 2 6 8 9 |  9.0
Unarmed Combat | 7 12 13 14 15 16 17 19 20 21 22 23 | 23.5
Transmutations | 7 10 12 14 | 14.5
Earth Magic    | 7 10 12 14 | 14.5
Spellcasting   | 5 7 9 10 | 10.6
Throwing       | 3 |  3.8

Action                   |  1- 3 |  4- 6 |  7- 9 | 10-12 | 13-15 | 16-18 | 19-21 | 22-24 | 25-27 || total
-------------------------+-------+-------+-------+-------+-------+-------+-------+-------+-------++-------
Melee: War axe           |   126 |   111 |       |       |       |       |       |       |       ||   237
       Rapier            |       |    19 |   254 |   716 |    25 |       |       |       |       ||  1014
       Unarmed           |       |       |       |       |   336 |  1693 |  1509 |  1054 |   699 ||  5291
       Punch             |       |       |       |       |     6 |   198 |   199 |   110 |       ||   513
 Fire: Hand crossbow     |       |     7 |   150 |   315 |   141 |   349 |       |       |       ||   962
       Arbalest          |       |       |       |       |       |   574 |    62 |     8 |       ||   644
Throw: Stone             |     7 |     7 |       |       |       |       |       |       |       ||    14
       Throwing net      |     1 |     2 |     1 |     1 |       |     1 |       |       |       ||     6
 Cast: Apportation       |       |       |       |       |       |     4 |     1 |       |     1 ||     6
       Statue Form       |       |       |       |       |       |       |    36 |    41 |    26 ||   103
       Regeneration      |       |       |       |       |       |       |       |     2 |     1 ||     3
Invok: Heroism           |       |       |       |    10 |     3 |    23 |    14 |     7 |     5 ||    62
       Finesse           |       |       |       |     2 |     1 |    14 |    15 |    22 |    13 ||    67
 Abil: Evoke Berserk Rag |       |       |     1 |    11 |     1 |     3 |       |       |       ||    16
Evoke: Wand              |       |    13 |    12 |    11 |     7 |    25 |     4 |    12 |       ||    84
       Phantom mirror    |       |       |       |       |       |     1 |       |       |       ||     1
       Fan of gales      |       |       |       |       |       |     1 |     1 |       |       ||     2
  Use: Scroll            |       |     8 |    10 |     9 |    10 |    13 |    15 |    15 |     9 ||    89
       Potion            |       |     3 |     1 |     3 |     5 |     2 |     2 |       |     7 ||    23
 Stab: Sleeping          |       |     1 |       |       |       |     2 |     6 |     2 |     1 ||    12
       Distracted        |       |       |       |     5 |     3 |     5 |     8 |     8 |     6 ||    35
       Held in net/web   |       |       |       |     1 |       |       |       |       |       ||     1
       Invisible         |       |       |       |     2 |    14 |       |       |       |       ||    16
       Paralysed         |       |       |       |       |       |     3 |       |       |       ||     3
       Confused          |       |       |       |       |       |     3 |       |       |       ||     3
  Eat: Chunk             |     3 |     4 |     2 |     5 |       |     1 |     8 |     7 |     3 ||    33
       Fruit             |       |     5 |     7 |    10 |     4 |    33 |     7 |     5 |     7 ||    78
       Royal jelly       |       |     1 |       |    11 |     1 |     9 |     1 |     7 |     3 ||    33
       Meat ration       |       |       |     1 |     1 |     2 |     2 |     6 |     3 |     2 ||    17
Armor: Leather armour    |    38 |    11 |       |       |    43 |   325 |    92 |       |       ||   509
       Ring mail         |       |    28 |    49 |    18 |       |       |       |       |       ||    95
       Skin              |       |       |    11 |     6 |       |       |   334 |   489 |   121 ||   961
       Chain mail        |       |       |       |    74 |    22 |       |       |       |       ||    96
       Robe              |       |       |       |       |       |       |     4 |    18 |    16 ||    38
Dodge: Dodged            |   101 |    71 |    90 |   249 |   234 |  1854 |  1496 |  1050 |   297 ||  5442
Block: Buckler           |       |       |    23 |   163 |    91 |       |       |       |       ||   277
       Shield            |       |       |       |       |       |       |       |   133 |   617 ||   750
       Reflection        |       |       |       |       |       |       |       |     1 |     5 ||     6

Table legend:
 A = Spawn XP
 B = Non-spawn XP
 C = Spawn XP percentage of total XP
 D = Spawn monster count
 E = Non-spawn monster count
 F = Spawn count percentage of total count
 G = Total turns spent on level
                    A         B        C        D         E        F      G
               +---------+---------+-------+---------+---------+-------+---------
         Total |       0 | 1431330 |   0.0 |       0 |    2293 |   0.0 | 56612
               +---------+---------+-------+---------+---------+-------+---------
           D:1 |       0 |      48 |   0.0 |       0 |      25 |   0.0 |  1398
           D:2 |       0 |      77 |   0.0 |       0 |      30 |   0.0 |   999
           D:3 |       0 |      51 |   0.0 |       0 |      24 |   0.0 |  1050
           D:4 |       0 |     539 |   0.0 |       0 |      10 |   0.0 |  1054
           D:5 |       0 |    1383 |   0.0 |       0 |      16 |   0.0 |  1159
           D:6 |       0 |     482 |   0.0 |       0 |      14 |   0.0 |   837
           D:7 |       0 |     713 |   0.0 |       0 |      17 |   0.0 |   697
           D:8 |       0 |    2451 |   0.0 |       0 |      30 |   0.0 |  1319
           D:9 |       0 |    3542 |   0.0 |       0 |      22 |   0.0 |   920
          D:10 |       0 |    1755 |   0.0 |       0 |      13 |   0.0 |   842
          D:11 |       0 |   12636 |   0.0 |       0 |      71 |   0.0 |  2612
          D:12 |       0 |    5388 |   0.0 |       0 |      29 |   0.0 |  1024
          D:13 |       0 |    4527 |   0.0 |       0 |      24 |   0.0 |   893
          D:14 |       0 |    4488 |   0.0 |       0 |      19 |   0.0 |  1011
          D:15 |       0 |   17741 |   0.0 |       0 |      38 |   0.0 |  1519
        Lair:1 |       0 |    1989 |   0.0 |       0 |       9 |   0.0 |   970
        Lair:2 |       0 |    5063 |   0.0 |       0 |      27 |   0.0 |  1356
        Lair:3 |       0 |   10472 |   0.0 |       0 |      63 |   0.0 |  1931
        Lair:4 |       0 |    2141 |   0.0 |       0 |      16 |   0.0 |   660
        Lair:5 |       0 |    8025 |   0.0 |       0 |      23 |   0.0 |  1257
        Lair:6 |       0 |   22411 |   0.0 |       0 |      76 |   0.0 |  1599
       Swamp:1 |       0 |   12633 |   0.0 |       0 |      34 |   0.0 |   849
       Swamp:2 |       0 |    9332 |   0.0 |       0 |      24 |   0.0 |   655
       Swamp:3 |       0 |   20574 |   0.0 |       0 |      44 |   0.0 |   850
       Swamp:4 |       0 |   28893 |   0.0 |       0 |      59 |   0.0 |  1311
       Snake:1 |       0 |    8539 |   0.0 |       0 |      15 |   0.0 |   458
       Snake:2 |       0 |    7972 |   0.0 |       0 |      15 |   0.0 |  1420
       Snake:3 |       0 |   10426 |   0.0 |       0 |      20 |   0.0 |   896
       Snake:4 |       0 |   52858 |   0.0 |       0 |      97 |   0.0 |  2183
         Orc:1 |       0 |    1922 |   0.0 |       0 |      31 |   0.0 |   625
         Orc:2 |       0 |    8991 |   0.0 |       0 |      95 |   0.0 |  1313
      Vaults:1 |       0 |   49154 |   0.0 |       0 |      91 |   0.0 |  1648
      Vaults:2 |       0 |   38644 |   0.0 |       0 |      62 |   0.0 |  1432
      Vaults:3 |       0 |   42109 |   0.0 |       0 |      63 |   0.0 |  1397
      Vaults:4 |       0 |   63507 |   0.0 |       0 |      94 |   0.0 |  1084
      Vaults:5 |       0 |  162201 |   0.0 |       0 |     159 |   0.0 |  2039
      Depths:1 |       0 |   58379 |   0.0 |       0 |     107 |   0.0 |  1779
      Depths:2 |       0 |   75126 |   0.0 |       0 |      97 |   0.0 |   897
      Depths:3 |       0 |   75326 |   0.0 |       0 |      82 |   0.0 |  2020
      Depths:4 |       0 |   52954 |   0.0 |       0 |      62 |   0.0 |   866
      Depths:5 |       0 |   51860 |   0.0 |       0 |      52 |   0.0 |   806
         Zot:1 |       0 |   43794 |   0.0 |       0 |      25 |   0.0 |   945
         Zot:2 |       0 |   53695 |   0.0 |       0 |      36 |   0.0 |   416
         Zot:3 |       0 |   98718 |   0.0 |       0 |      63 |   0.0 |   973
         Zot:4 |       0 |   48126 |   0.0 |       0 |      33 |   0.0 |   805
         Zot:5 |       0 |  192075 |   0.0 |       0 |      69 |   0.0 |   827
       Ossuary |       0 |     688 |   0.0 |       0 |      26 |   0.0 |   728
         IceCv |       0 |   10504 |   0.0 |       0 |      43 |   0.0 |  1324
    Desolation |       0 |   46408 |   0.0 |       0 |      99 |   0.0 |   916
               +---------+---------+-------+---------+---------+-------+---------
